 Dungeon Crawl Stone Soup version 0.20-a0-493-g19c8d8d (webtiles) character file.

50457 AlphabetPasta the Zephyrmancer (level 14, 0/58 HPs)
             Began as a Felid Air Elementalist on Jan 17, 2017.
             Was a High Priest of Sif Muna.
             Killed from afar by an efreet (35 damage)
             ... with a fireball
             ... on level 15 of the Dungeon on Jan 18, 2017.
             The game lasted 05:47:32 (54509 turns).

AlphabetPasta the Zephyrmancer (FeAE)              Turns: 54509, Time: 05:47:33

Health: 0/58       AC:  3    Str:  4    XL:     14   Next: 19%
Magic:  24/30      EV: 27    Int: 30    God:    Sif Muna [*****.]
Gold:   1540       SH:  4    Dex: 18    Spells: 0/36 levels left
                                        Lives:  0   Deaths: 4

rFire    . . .     SeeInvis +     - Unarmed
rCold    + . .     Gourm    .   (armour unavailable)
rNeg     . . .     Faith    .   (shield unavailable)
rPois    .         Spirit   .   (helmet unavailable)
rElec    +         Reflect  +   (cloak unavailable)
rCorr    .         Harm     .   (gloves unavailable)
MR       ++...                  (boots unavailable)
Stlth    ++++......             N - +4 amulet of reflection
Regen    0.2/turn               p - ring of Funna {rElec rF- Int+3 SInv}
                                G - ring of protection from fire

@: brilliant, repel missiles, quick
A: no armour, no weapons or thrown items, stealth, claws 1, fangs 3, see
invisible, carnivore 3, speed 1, shaggy fur 3, slow metabolism 1, sharp paws
a: Divine Energy, Channel Magic, Forget Spell, Renounce Religion


You were on level 15 of the Dungeon.
You worshipped Sif Muna.
Sif Muna was extremely pleased with you.
You were completely stuffed.

You visited 4 branches of the dungeon, and saw 24 of its levels.
You also visited: Labyrinth and Bailey.

You collected 2710 gold pieces.
You spent 1170 gold pieces at shops.

Inventory:

Jewellery
 p - the ring of Funna (right paw) {rElec rF- Int+3 SInv}
   (You acquired it on level 2 of the Lair of Beasts)

   [ring of intelligence]

   It affects your intelligence (+3).
   It makes you vulnerable to fire.
   It insulates you from electricity.
   It lets you see invisible.
 G - a ring of protection from fire (left paw)
 N - a +4 amulet of reflection (around neck)
 P - an uncursed ring of positive energy
Wands
 a - a wand of iceblast (9/15)
 d - a wand of polymorph (5/24)
 e - a wand of random effects (27/48)
 k - a wand of flame (0/48)
 u - a wand of paralysis (18/24)
 x - a wand of random effects (5/48)
 z - a wand of paralysis (4/24)
 B - a wand of random effects (26/48)
 C - a wand of digging (5/24)
 F - a wand of random effects (23/48)
 H - a wand of clouds (4/9)
 J - a wand of acid (3/15)
 Q - a wand of confusion (35/48)
 W - a wand of paralysis (18/24)
Scrolls
 n - 2 scrolls of amnesia
 o - 11 scrolls of identify
 s - 10 scrolls of teleportation
 t - 6 scrolls of magic mapping
 w - 7 scrolls of remove curse
 y - a scroll of fog
 O - 4 scrolls of fear
 R - 2 scrolls of recharging
 U - a scroll of blinking
Potions
 c - 3 potions of cancellation
 g - 6 potions of might
 i - a potion of resistance
 j - 2 potions of invisibility
 m - 3 potions of flight
 q - 6 potions of agility
 v - 6 potions of curing
 D - a potion of ambrosia
 K - a potion of berserk rage
 T - a potion of brilliance
Books
 E - a book of Enchantments

   Spells                             Type                      Level
   a - Cause Fear                     Hexes                        4
   b - Yara's Violent Unravelling     Hexes/Transmutation          5
   c - Silence                        Hexes/Air                    5
   d - Deflect Missiles               Charms/Air                   6
   e - Discord                        Hexes                        8
 M - Sif Muna's Grimoire of Lethal Weightlessness
   (Sif Muna gifted it to you on level 4 of the Lair of Beasts)

   Spells                             Type                      Level
   a - Sting                          Conjuration/Poison           1
   b - Sticky Flame                   Conjuration/Fire             4
   c - Irradiate                      Conjuration/Transmutation    5
   d - Iskenderun's Battlesphere      Conjuration/Charms           5
   e - Poison Arrow                   Conjuration/Poison           6
   f - Conjure Ball Lightning         Conjuration/Air              6
 V - a book of Minor Magic

   Spells                             Type                      Level
   a - Magic Dart                     Conjuration                  1
   b - Blink                          Translocation                2
   c - Call Imp                       Summoning                    2
   d - Repel Missiles                 Charms/Air                   2
   e - Slow                           Hexes                        2
   f - Conjure Flame                  Conjuration/Fire             3
   g - Mephitic Cloud                 Conjuration/Poison/Air       3
Miscellaneous
 A - a fan of gales
 S - a sack of spiders
Comestibles
 b - 9 meat rations
 f - 9 slices of pizza
 h - 4 royal jellies
 l - a chunk of flesh
 r - 5 beef jerkies


   Skills:
 + Level 5.3 Fighting
 + Level 11.1 Dodging
 - Level 8.0 Stealth
 - Level 5.1 Unarmed Combat
 + Level 11.5 Spellcasting
 + Level 11.2 Conjurations
 - Level 6.1 Charms
 - Level 2.0 Necromancy
 - Level 4.0 Translocations
 + Level 5.1 Fire Magic
 + Level 1.0 Ice Magic
 * Level 14.4 Air Magic
 - Level 9.0 Invocations
 - Level 5.0 Evocations


You couldn't memorise any spells.
You knew the following spells:

 Your Spells              Type           Power        Failure   Level  Hunger
a - Shock                 Conj/Air       ####         0%          1    None
b - Repel Missiles        Chrm/Air       ######       1%          2    None
c - Swiftness             Chrm/Air       #######.     1%          2    None
d - Static Discharge      Conj/Air       #######.     1%          3    None
e - Lightning Bolt        Conj/Air       #######...   1%          5    ##.....
f - Shroud of Golubria    Chrm/Tloc      ######....   1%          2    None
g - Regeneration          Chrm/Necr      ######....   1%          3    None
h - Sticky Flame          Conj/Fire      ######..     1%          4    None
i - Conjure Ball Lightni  Conj/Air       #######...   1%          6    #####..
j - Blink                 Tloc           N/A          1%          2    None
k - Freezing Cloud        Conj/Ice/Air   ######....   1%          6    #####..


Dungeon Overview and Level Annotations

Branches:
Dungeon (15/15)            Temple (1/1) D:7            Lair (6/6) D:11
  Swamp (0/4) Lair:4        Snake (0/4) Lair:2        Slime (0/5) Lair:6
    Orc (2/2) D:10            Elf (0/3) Orc:2        Vaults (0/5) D:14
 Depths (0/5) D:15

Altars:
Ashenzari
Cheibriados
Dithmenos
Elyvilon
Fedhas
Gozag
Hepliaklqana
Kikubaaqudgha
Makhleb
Nemelex Xobeh
Okawaru
Qazlal
Ru
Sif Muna
Trog
Uskayaw
Vehumet
Xom
Yredelemnul
Zin
The Shining One

Shops:
D:4 !?   D:5 (   D:7 %:   D:10 =}   D:13 (   D:15 (   Orc:2 [}:*

Annotations:
D:9 2 runed doors
Orc:2 brokenspear's ghost, journeyman HOFi


Innate Abilities, Weirdness & Mutations

You cannot wear armour.
You are incapable of wielding weapons or throwing items.
Your paws allow you to move quietly. (Stealth)
You have sharp claws.
You have razor-sharp teeth.
You have supernaturally acute eyesight. (SInv)
You are carnivorous and can eat meat at any time.
You cover ground quickly.
Your thick and shaggy fur keeps you warm. (AC +3, rC+)
You have a slow metabolism.
Your sharp claws are effective at attacking unaware monsters.


Message History

Your shroud unravels.
An efreet comes into view. It is wielding a scimitar of flaming.
Casting: Static Discharge
Confirm with . or Enter, or press ? or * to list all spells.
Okay, then.
You feel clever all of a sudden.
Casting: Static Discharge
Confirm with . or Enter, or press ? or * to list all spells.
Aiming: Freezing Cloud
Press: ? - help, Dir - move target cursor A centaur warrior comes into view.
It is wielding a quarterstaff of speed.
The centaur warrior moves out of view.
The efreet is engulfed in freezing vapours.
The efreet gestures at you.
The fireball explodes!
The fireball engulfs you!
The efreet is engulfed in freezing vapours.
The efreet gestures at you.
The fireball explodes!
The fireball engulfs you!
Ouch! That really hurt!
You die...

#............###....##..#.#
#............#....#..##.#.##.
#.........####c...#..##.#..##
#.........# .§.###..##......
#.........# §§§.. ##...##
#.........###R#.. #.....
#.........#.§§§# #..###
#......####.§..# ...#
#......#...#@### ##..#
######.#.......# #...
#)###..$..# .... #.#....####
#.#....# #....### #.^....#
#......# #...####


You could see a centaur warrior and an efreet.

Vanquished Creatures
  A tengu reaver (D:10)
  A minotaur (Lab)
  Snorg (Lair:3)
  A fire dragon (Lair:6)
  An ogre mage (Orc:1)
  A great orb of eyes (D:15)
  13 hydras
  A catoblepas (Lair:6)
  A vault guard (D:14)
  2 centaur warriors
  7 death yaks
  14 two-headed ogres
  An orc high priest (Orc:1)
  A deep elf knight (D:14)
  A fire crab (Lair:6)
  An unseen horror (D:12)
  A deep troll (Orc:2)
  A wizard (D:14)
  Pikel (D:7)
  4 orc knights
  4 necromancers
  10 ugly things
  An orc sorcerer (Orc:1)
  A manticore (D:15)
  2 wolf spiders
  2 deep elf magi (D:15)
  5 cyclopes
  15 elephants
  11 black mambas
  3 centaur zombies
  The ghost of Jermz the Basher, a novice MiBe of Trog (D:5)
  3 molten gargoyles (Lair:6)
  4 gargoyles
  11 spiny frogs
  3 rime drakes
  2 kobold demonologists
  11 komodo dragons
  An efreet (D:14)
  13 trolls
  A polar bear (Lair:6)
  A minotaur skeleton (Lab)
  3 meliai
  A merfolk (D:15)
  3 slime creatures
  A hornet (D:13)
  8 hippogriffs
  A harpy skeleton (D:14)
  Grinder (D:6)
  11 blink frogs
  13 dream sheep (Lair:6)
  2 redbacks (Lab)
  A centaur simulacrum (D:15)
  A vampire (D:10)
  4 hogs (D:7)
  57 yaks
  A wraith (D:14)
  4 wyverns
  19 humans
  2 basilisks (Lair:2)
  3 vampire mosquitoes (D:13)
  Grum (D:8)
  4 hungry ghosts
  2 wargs (Orc:1)
  A soldier ant (D:10)
  2 acid dragons
  2 nagas (Lair:2)
  4 hell hounds
  11 water moccasins
  10 porcupines
  29 orc warriors
  2 elephant zombies (Lair:3)
  7 ice beasts
  4 slaves (D:7)
  7 sky beasts
  3 phantoms
  4 black bears
  2 necrophages
  23 ogres
  3 boggarts (D:13)
  14 wolves
  16 centaurs
  12 crocodiles
  6 big kobolds
  21 bullfrogs
  A gnoll sergeant (D:7)
  A wyvern zombie (D:7)
  13 scorpions
  A water moccasin skeleton (D:8)
  19 killer bees
  3 electric eels (Lair:3)
  16 wights
  10 crimson imps
  2 bullfrog zombies (D:12)
  5 lava snakes (Lair:6)
  5 centaur skeletons
  6 jellies
  A quasit (D:8)
  6 hounds
  4 bullfrog skeletons
  21 orc priests
  24 orc wizards
  Jessica (D:2)
  8 iguanas
  2 hell rats (Lair:5)
  9 worker ants
  A worker ant (shapeshifter) (D:15)
  A killer bee zombie (D:10)
  A crocodile zombie (Lair:3)
  A hound zombie (D:5)
  A hound skeleton (D:7)
  A howler monkey skeleton (D:6)
  12 gnolls
  5 river rats (Lair:5)
  2 worker ant zombies
  16 adders
  2 shadow imps
  An ooze (D:6)
  A worm zombie (D:6)
  2 adder zombies
  7 worms
  A dart slug (D:1)
  5 leopard geckos
  105 orcs
  11 giant cockroaches
  15 goblins
  7 hobgoblins
  17 jackals
  4 quokkas
  11 bats
  6 frilled lizards
  26 kobolds
  A leopard gecko zombie (D:7)
  14 rats
  2 fungi (Lair:6)
  2 plants (Lair:6)
925 creatures vanquished.

Vanquished Creatures (others)
  12 ball lightnings
  A centaur (D:13)
  2 orc wizards (D:4)
  An orc priest (D:4)
  A worker ant (D:4)
  An adder (D:4)
  An ooze (D:3)
  A dart slug (D:4)
  2 orcs (D:4)
  A frilled lizard (D:4)
  44 fungi
  45 plants
112 creatures vanquished.

Grand Total: 1037 creatures vanquished

Notes
Turn   | Place    | Note
-------+----------+-------------------------------------------
     0 | D:1      | AlphabetPasta the Felid Air Elementalist began the quest for the Orb.
     0 | D:1      | Reached XP level 1. HP: 7/7 MP: 4/4
   164 | D:1      | Reached skill level 1 in Conjurations
   319 | D:1      | Reached XP level 2. HP: 8/12 MP: 0/6
   323 | D:1      | Learned a level 2 spell: Repel Missiles
   326 | D:1      | Learned a level 2 spell: Swiftness
   433 | D:1      | Reached skill level 1 in Fighting
   706 | D:1      | Reached skill level 3 in Air Magic
  1516 | D:2      | Reached XP level 3. HP: 15/15 MP: 2/7
  1592 | D:2      | Noticed Jessica
  1596 | D:2      | Killed Jessica
  1697 | D:2      | Reached XP level 4. HP: 19/19 MP: 3/8
  1710 | D:2      | Learned a level 3 spell: Static Discharge
  1890 | D:2      | Reached skill level 1 in Unarmed Combat
  2282 | D:2      | Reached skill level 1 in Charms
  3789 | D:3      | Reached XP level 5. HP: 22/22 MP: 8/10
  3865 | D:3      | Reached skill level 4 in Air Magic
  3990 | D:3      | Found a radiant altar of Vehumet.
  4809 | D:4      | Learned a level 3 spell: Static Discharge
  4841 | D:4      | Gained mutation: You are covered in thick fur. (AC +2) [Felid growth]
  4841 | D:4      | Reached XP level 6. HP: 25/25 MP: 3/11
  5004 | D:4      | Found a shimmering altar of Xom.
  5051 | D:4      | Found an opulent altar of Gozag.
  5093 | D:4      | Found Iriyler's Assorted Antiques.
  5186 | D:4      | Found Nouhel's Magic Scroll Shoppe.
  5189 | D:4      | Bought a scroll of identify for 26 gold pieces
  5189 | D:4      | Bought a scroll of identify for 26 gold pieces
  5189 | D:4      | Bought a scroll of identify for 26 gold pieces
  5189 | D:4      | Bought a scroll of identify for 26 gold pieces
  5189 | D:4      | Bought a scroll of identify for 26 gold pieces
  5189 | D:4      | Bought a scroll of remove curse for 39 gold pieces
  5424 | D:4      | Found Piraplun's Distillery.
  5437 | D:4      | Bought a potion of lignification for 39 gold pieces
  5437 | D:4      | Bought a potion of agility for 52 gold pieces
  5442 | D:4      | Noticed an ice beast
  5450 | D:4      | Killed an ice beast
  5707 | D:5      | Entered Level 5 of the Dungeon
  5707 | D:5      | Found an ancient bone altar of Kikubaaqudgha.
  5861 | D:5      | Reached XP level 7. HP: 15/28 MP: 4/13
  5988 | D:5      | Reached skill level 5 in Air Magic
  6176 | D:5      | Noticed Jermz's ghost (novice MiBe)
  6290 | D:5      | Reached skill level 1 in Evocations
  6640 | D:5      | Found a hide-covered altar of Uskayaw.
  6822 | D:5      | Found a glowing golden altar of the Shining One.
  6828 | D:5      | Found Saqaps's Weapon Shop.
  6981 | D:5      | Killed Jermz's ghost
  6981 | D:5      | Reached skill level 5 in Spellcasting
  6981 | D:5      | Reached skill level 6 in Air Magic
  6981 | D:5      | Reached XP level 8. HP: 33/33 MP: 14/16
  7220 | D:6      | Noticed Grinder
  7454 | D:6      | Killed from afar by an orc wizard
  7455 | D:6      | Reached XP level 7. HP: -2/30 MP: 5/15
  7466 | D:6      | Found a sparkling altar of Nemelex Xobeh.
  7537 | D:6      | Reached XP level 8. HP: 33/33 MP: 0/17
  7671 | D:6      | Killed Grinder
  7698 | D:6      | Reached skill level 7 in Air Magic
  8359 | D:6      | Reached skill level 5 in Conjurations
  8543 | D:6      | Reached XP level 9. HP: 28/36 MP: 4/19
  8550 | D:6      | Learned a level 5 spell: Lightning Bolt
  9327 | D:7      | Reached skill level 8 in Air Magic
  9475 | D:7      | Noticed Pikel
  9606 | D:7      | Killed Pikel
  9899 | D:7      | Found a glowing golden altar of the Shining One.
  9956 | D:7      | Found a staircase to the Ecumenical Temple.
  9962 | Temple   | Entered the Ecumenical Temple
 10002 | Temple   | Became a worshipper of Sif Muna the Loreminder
 10772 | D:7      | Reached skill level 1 in Invocations
 10971 | D:7      | Reached XP level 10. HP: 35/40 MP: 11/21
 11377 | D:7      | Found Kesk's Food Boutique.
 11738 | D:7      | Found Valluurph's Book Boutique.
 11975 | D:8      | Found a hazy altar of Hepliaklqana.
 12081 | D:8      | Noticed Grum
 12479 | D:8      | Reached * piety under Sif Muna
 12487 | D:8      | Killed Grum
 12883 | D:8      | Reached skill level 9 in Air Magic
 14140 | D:8      | Reached ** piety under Sif Muna
 14577 | D:8      | Found a sacrificial altar of Ru.
 14711 | D:9      | Found a flagged portal.
 14803 | Bailey   | Entered a bailey
 15146 | Bailey   | Noticed an orc knight
 15146 | Bailey   | Noticed an orc knight
 15169 | Bailey   | Reached skill level 5 in Stealth
 15206 | Bailey   | Killed an orc knight
 15354 | Bailey   | Killed an orc knight
 15674 | D:9      | Found a glowing silver altar of Zin.
 15739 | D:9      | Reached XP level 11. HP: 42/43 MP: 13/23
 16026 | D:9      | Found a sparkling altar of Nemelex Xobeh.
 16160 | D:9      | Found a runed door.
 16246 | D:9      | Found a runed door.
 16356 | D:9      | Found a basalt altar of Yredelemnul.
 16504 | D:9      | Found a white marble altar of Elyvilon.
 16505 | D:9      | Noticed a two-headed ogre
 16525 | D:9      | Killed a two-headed ogre
 16699 | D:9      | Found a burning altar of Makhleb.
 16699 | D:9      | Found a sacrificial altar of Ru.
 17109 | D:9      | Reached skill level 10 in Air Magic
 17297 | D:10     | Entered Level 10 of the Dungeon
 17556 | D:10     | Found Mussi's Gadget Boutique.
 17565 | D:10     | Bought a wand of paralysis (12/24) for 210 gold pieces
 17909 | D:10     | Reached *** piety under Sif Muna
 18422 | D:10     | Reached skill level 5 in Invocations
 18880 | D:10     | Found Raez's Jewellery Boutique.
 19010 | D:10     | Found a staircase to the Orcish Mines.
 19687 | D:11     | Noticed a two-headed ogre
 19708 | D:11     | Killed a two-headed ogre
 19712 | D:11     | Reached skill level 5 in Dodging
 19964 | D:11     | Found a staircase to the Lair.
 19972 | D:11     | Noticed a purple ugly thing
 20749 | D:11     | Noticed a two-headed ogre
 20759 | D:11     | Killed a two-headed ogre
 21169 | D:11     | Noticed a two-headed ogre
 21171 | D:11     | Noticed a brown ugly thing
 21336 | D:11     | Mangled by a two-headed ogre
 21337 | D:11     | Reached XP level 10. HP: -6/42 MP: 8/23
 21347 | D:11     | Killed a two-headed ogre
 21347 | D:11     | Reached **** piety under Sif Muna
 21347 | D:11     | Reached XP level 11. HP: 45/45 MP: 19/24
 21501 | D:11     | Killed a brown ugly thing
 21628 | D:10     | Noticed a two-headed ogre
 21657 | D:10     | Killed a two-headed ogre
 21930 | Lair:1   | Entered Level 1 of the Lair of Beasts
 22666 | Lair:1   | Learned a level 2 spell: Shroud of Golubria
 22670 | Lair:1   | Learned a level 3 spell: Regeneration
 23115 | Lair:2   | Found a staircase to the Snake Pit.
 23306 | Lair:2   | Reached skill level 1 in Translocations
 23505 | Lair:2   | Identified a scroll of acquirement
 23506 | Lair:2   | Got a heavily runed steel ring
 23507 | Lair:2   | Identified the ring of Funna {rElec rF- Int+3 SInv} (You acquired it on level 2 of the Lair of Beasts)
 23526 | Lair:2   | Reached skill level 11 in Air Magic
 23871 | Lair:2   | Noticed a seven-headed hydra
 23871 | Lair:2   | Reached skill level 1 in Necromancy
 23892 | Lair:2   | Killed a seven-headed hydra
 25218 | Lair:3   | Noticed Snorg
 25594 | Lair:3   | Noticed a four-headed hydra
 25830 | Lair:3   | Found an opulent altar of Gozag.
 26131 | Lair:3   | Noticed a necromancer
 26144 | Lair:3   | Killed a necromancer
 26144 | Lair:3   | Gained mutation: Your thick and shaggy fur keeps you warm. (AC +3, rC+) [Felid growth]
 26144 | Lair:3   | Reached XP level 12. HP: 36/48 MP: 0/26
 26314 | Lair:3   | Killed a four-headed hydra
 26962 | Lair:3   | Killed Snorg
 27697 | Lair:4   | HP: 1/48 [black mamba (20)]
 28035 | Lair:4   | Found a staircase to the Swamp.
 28110 | Lair:4   | Reached ***** piety under Sif Muna
 28284 | Lair:4   | Reached skill level 5 in Charms
 28523 | Lair:4   | Identified Sif Muna's Grimoire of Lethal Weightlessness (Sif Muna gifted it to you on level 4 of the Lair of Beasts)
 28523 | Lair:4   | Received a gift from Sif Muna
 28532 | Lair:4   | Learned a level 4 spell: Sticky Flame
 29866 | Lair:5   | Reached skill level 1 in Fire Magic
 30340 | Lair:5   | Noticed a five-headed hydra
 30356 | Lair:5   | Killed a five-headed hydra
 30967 | Lair:6   | Entered Level 6 of the Lair of Beasts
 30997 | Lair:6   | Found a staircase to the Slime Pits.
 31197 | Lair:6   | Reached skill level 12 in Air Magic
 31201 | Lair:6   | Reached XP level 13. HP: 16/52 MP: 1/27
 31427 | Lair:6   | Got a sparkling zirconium amulet
 31428 | Lair:6   | Identified the amulet "Doak" {Harm *Contam *Drain MR+ SInv} (You found it on level 6 of the Lair of Beasts)
 33960 | Lair:5   | Reached skill level 10 in Spellcasting
 34335 | Lair:5   | Identified Sif Muna's Grimoire of the Enthralling Mountains (Sif Muna gifted it to you on level 5 of the Lair of Beasts)
 34335 | Lair:5   | Received a gift from Sif Muna
 35785 | Lair:6   | Reached XP level 14. HP: 57/57 MP: 7/29
 36371 | Lair:6   | Reached skill level 13 in Air Magic
 36583 | Lair:6   | Reached skill level 10 in Conjurations
 38761 | Lair:6   | Found a large runed door.
 38762 | Lair:6   | Found a large runed door.
 38777 | Lair:6   | Learned a level 6 spell: Conjure Ball Lightning
 39395 | Lair:2   | Reached skill level 5 in Evocations
 39760 | D:10     | Identified Sif Muna's Disquisition on Helpful Clay (Sif Muna gifted it to you on level 10 of the Dungeon)
 39760 | D:10     | Received a gift from Sif Muna
 39898 | Orc:1    | Entered Level 1 of the Orcish Mines
 40502 | Orc:2    | Entered Level 2 of the Orcish Mines
 40859 | Orc:2    | Noticed brokenspear's ghost (journeyman HOFi)
 41229 | D:10     | Bought a wand of digging (7/24) for 330 gold pieces
 41489 | Orc:1    | Found a bloodstained altar of Trog.
 41831 | Orc:2    | Found a staircase to the Elven Halls.
 42285 | Orc:1    | Mangled by a two-headed ogre
 42286 | Orc:1    | Reached XP level 13. HP: -6/53 MP: 24/28
 43507 | Orc:2    | Reached skill level 10 in Dodging
 43519 | Orc:2    | Reached XP level 14. HP: 56/57 MP: 9/29
 43980 | Orc:2    | Found Sijaow's General Store.
 43981 | Orc:2    | Found Zutain's Book Emporium.
 44135 | Orc:2    | Found Vesum's Gadget Shop.
 44140 | Orc:2    | Found Xuontemn's Armour Shoppe.
 44143 | Orc:2    | Bought a wand of confusion (36/48) for 370 gold pieces
 44389 | D:10     | Noticed a tengu reaver
 44601 | D:10     | HP: 1/57 [tengu reaver/bolt of lightning (10)]
 44603 | D:10     | Killed a tengu reaver
 45128 | D:12     | Reached skill level 5 in Fighting
 45811 | D:12     | Received a gift from Sif Muna
 47062 | D:13     | Reached skill level 14 in Air Magic
 47438 | D:13     | Learned a level 2 spell: Blink
 47877 | D:13     | Found Weazxal's Weapon Boutique.
 48032 | D:14     | Found a labyrinth entrance.
 48059 | Lab      | Entered a labyrinth
 49591 | Lab      | Found an exit through the horrors of the Abyss.
 51884 | D:14     | Reached skill level 5 in Unarmed Combat
 52468 | D:14     | Found a gate to the Vaults.
 52702 | D:15     | Entered Level 15 of the Dungeon
 52703 | D:15     | Found Qemen's Antique Weapon Shoppe.
 53173 | D:14     | Reached XP level 15. HP: 6/61 MP: 16/31
 53748 | D:15     | Identified Sif Muna's Volume of Confrontation (Sif Muna gifted it to you on level 15 of the Dungeon)
 53748 | D:15     | Received a gift from Sif Muna
 53757 | D:15     | Learned a level 6 spell: Freezing Cloud
 53929 | D:15     | Reached skill level 5 in Fire Magic
 53931 | D:15     | Mangled by a merfolk
 53932 | D:15     | Reached XP level 14. HP: -7/58 MP: 12/30
 54164 | D:15     | Reached skill level 1 in Ice Magic
 54352 | D:15     | Found a staircase to the Depths.
 54509 | D:15     | Killed from afar by an efreet

Vault maps used:
D:1:      minmay_arrival_stone_box
D:2:      serial_forest, infiniplex_forest_lined_ring,
          infiniplex_forest_lined_3, infiniplex_forest_fountain,
          infiniplex_forest_straight_2, uniq_jessica
D:3:      fiery_altar_vehumet
D:4:      xom_confusion_cloud, first_bread, serial_shops,
          nicolae_shop_behind_doors, shop, nicolae_shop_statue_plus,
          nicolae_gozag_cash_rules_everything_around_me
D:5:      lemuel_crystal_altar, eat_drink_and_be_merry_uskayaw, basic_altar,
          serial_shops, shop
D:6:      enter_ossuary_3, nemelex_dance_club_becter, uniq_grinder
D:7:      marbit_many_paths, serial_shops, shop, kennysheep_mini,
          grunt_livestock, grunt_ministairs_13, uniq_pikel
D:8:      overflow_temple_1_default, nicolae_ru_path_of_blood, uniq_grum
D:9:      lemuel_insect_pit, lemuel_round_altar, kennysheep_mini_moat,
          grunt_temple_overflow_open, enter_bailey_3
D:10:     hiddenorc1_lemuel, serial_shops, nicolae_shop_waterfront, shop
D:11:     minmay_four_partial_circles, lair_entry_dummy
D:12:     kennysheep_nub
D:13:     serial_shops, shop
D:14:     grunt_vaults_entry_tiered, lab_entry_generic, minmay_strange_pillars,
          stair_cage_cross
D:15:     hangedman_depths_entry_try_elsewhere_first, serial_shops, shop,
          hangedman_decor_push, fedhas_altar_4
Temple:   jpeg_temple_island
Lair:1:   lemuel_fruit_tree, grunt_megastairs_3, serial_bayou_shore_b
Lair:2:   minmay_snake_entry_guardpost_small
Lair:3:   pond_and_an_island_with_a_cottage, basic_altar, uniq_snorg
Lair:4:   swamp_mist_pool
Lair:5:   kennysheep_abandoned_house, grunt_megastairs_2, serial_bayou_shore_a
Lair:6:   cheibrodos_lair_end_hotspot, slime_dummy, nicolae_lair_yak_garden
Orc:1:    trog_hazing_becter
Orc:2:    st_orc_open, serial_shops, shop
Lab:      nicolae_lab_swirl, nicolae_lab_lava, nicolae_lab_grate_2,
          nicolae_lab_quarters, labyrinth_fake_exit, labyrinth_skeletal_remains,
          nicolae_lab_diamond
Bailey:   bailey_polearm_1, bailey

Skill      XL: |  1  2  3  4  5  6  7  8  9 10 11 12 13 14 15 |
---------------+----------------------------------------------+-----
Conjurations   | 1 2 3 5 7 9 11 | 11.2
Fighting       | 1 2 3 4 5 |  5.3
Air Magic      | 3 4 6 7 8 9 11 12 14 | 14.4
Unarmed Combat | 1 2 3 4 5 |  5.1
Charms         | 1 2 3 4 5 6 |  6.1
Spellcasting   | 3 5 6 7 9 10 11 | 11.5
Stealth        | 3 4 5 6 7 8 |  8.0
Dodging        | 3 4 6 7 10 9 11 | 11.1
Evocations     | 1 2 3 4 5 |  5.0
Invocations    | 1 3 6 7 8 9 |  9.0
Translocations | 1 2 3 4 |  4.0
Necromancy     | 1 2 |  2.0
Fire Magic     | 1 4 5 |  5.1
Ice Magic      | 1 |  1.0

Action                   |  1- 3 |  4- 6 |  7- 9 | 10-12 | 13-15 || total
-------------------------+-------+-------+-------+-------+-------++-------
Melee: Unarmed           |    14 |    35 |    61 |   116 |    92 ||   318
       Bite              |     3 |     4 |     5 |    11 |     7 ||    30
       Punch             |       |       |     2 |     1 |       ||     3
 Cast: Shock             |    72 |   184 |   306 |   792 |   447 ||  1801
       Repel Missiles    |     1 |       |       |       |     4 ||     5
       Static Discharge  |       |     6 |    26 |   201 |   160 ||   393
       Swiftness         |       |       |     1 |    11 |    21 ||    33
       Lightning Bolt    |       |       |       |    74 |   257 ||   331
       Regeneration      |       |       |       |     1 |    17 ||    18
       Sticky Flame      |       |       |       |    17 |   208 ||   225
       Shroud of Golubri |       |       |       |       |    76 ||    76
       Conjure Ball Ligh |       |       |       |       |     5 ||     5
       Blink             |       |       |       |       |     3 ||     3
       Freezing Cloud    |       |       |       |       |     1 ||     1
Invok: Channel Magic     |       |       |       |     4 |     6 ||    10
Evoke: Wand              |       |       |    42 |    48 |    14 ||   104
  Use: Scroll            |     2 |    16 |     5 |    19 |     7 ||    49
       Potion            |       |     1 |     2 |     4 |     5 ||    12
 Stab: Sleeping          |     2 |     7 |     3 |    20 |    19 ||    51
       Paralysed         |       |       |    19 |    16 |       ||    35
       Distracted        |       |       |       |     1 |     2 ||     3
  Eat: Chunk             |    10 |     9 |    16 |    66 |    94 ||   195
       Pizza             |       |       |       |       |     3 ||     3
Armor: Skin              |     3 |     3 |    10 |    20 |    18 ||    54
Dodge: Dodged            |    33 |    75 |   139 |   375 |   653 ||  1275
       Deflected         |       |       |     2 |     9 |    18 ||    29
Block: Other             |       |       |       |       |    96 ||    96
       Reflection        |       |       |       |       |     8 ||     8
